 Dungeon Crawl Stone Soup version 0.22-a0-456-g11ed031 (webtiles) character file.

144 pk666 the Magician (level 5, -3/28 HPs)
             Began as a Deep Elf Fire Elementalist on June 7, 2018.
             Slain by a centaur (9 damage)
             ... on level 3 of the Dungeon.
             The game lasted 00:03:45 (1995 turns).

pk666 the Magician (Deep Elf Fire Elementalist)     Turns: 1995, Time: 00:03:46

Health: -3/28      AC:  2    Str:  5    XL:     5   Next: 5%
Magic:  9/13       EV: 13    Int: 21    God:
Gold:   105        SH:  0    Dex: 15    Spells: 4/12 levels left

rFire    . . .     SeeInvis .   (no weapon)
rCold    . . .     Gourm    .   (no shield)
rNeg     . . .     Faith    .   a - +0 robe
rPois    .         Spirit   .   (no helmet)
rElec    .         Reflect  .   (no cloak)
rCorr    .         Harm     .   (no gloves)
MR       .....                  (no boots)
Stlth    +.........             (no amulet)
HPRegen  0.09/turn              (no ring)
MPRegen  0.13/turn              (no ring)

@: confused
A: no striking features
a: no special abilities


You were on level 3 of the Dungeon.
You were not hungry.

You visited 1 branch of the dungeon, and saw 3 of its levels.

You collected 105 gold pieces.

Inventory:

Armour
 a - a +0 robe (worn)
Scrolls
 e - a scroll of amnesia {unknown}
 f - a scroll of magic mapping {unknown}
 g - 3 scrolls of identify {unknown}
 j - a scroll of enchant armour {unknown}
 k - a scroll of remove curse {unknown}
 l - a scroll of enchant weapon {unknown}
 o - a scroll of fear {unknown}
 q - 3 scrolls of blinking {unknown}
Potions
 d - a potion of berserk rage {unknown}
 h - a potion of haste {unknown}
 i - a potion of resistance {unknown}
 m - a potion of heal wounds {unknown}
 n - a potion of might {unknown}
Comestibles
 c - a ration
 p - 3 chunks of flesh


   Skills:
 - Level 2.4 Dodging
 - Level 2.4 Stealth
 + Level 4.3 Spellcasting
 * Level 3.9 Conjurations
 + Level 4.2 Fire Magic


You had 4 spell levels left.
You knew the following spells:

 Your Spells              Type           Power        Failure   Level  Hunger
a - Flame Tongue          Conj/Fire      ###..        2%          1    None
b - Sticky Flame          Conj/Fire      ###.....     22%         4    ####...
c - Conjure Flame         Conj/Fire      ###.....     6%          3    ##.....

Your spell library contained the following spells:

 Spells                   Type           Power        Failure   Level  Hunger
 Fireball                 Conj/Fire      ###.......   52%         5    ######.
 Throw Flame              Conj/Fire      ###...       3%          2    #......
 Inner Flame              Hex/Fire       ##......     14%         3    ##.....


Dungeon Overview and Level Annotations

Branches:
Dungeon (3/15)

Altars:
Kikubaaqudgha


Message History

Aiming: Flame Tongue (safe; 2% risk of failure)
Press: ? - help, Shift-Dir - straight line, f/p - centaur
Aim: a centaur (moderately wounded)
The flame tongue hits the centaur.
The centaur is heavily wounded.
The centaur hits you.
Casting: Flame Tongue (safe; 2% risk of failure)
Confirm with . or Enter, or press ? or * to list all spells.
Aiming: Flame Tongue (safe; 2% risk of failure)
Press: ? - help, Shift-Dir - straight line, f/p - centaur
Aim: a centaur (heavily wounded)
The flame tongue hits the centaur.
The centaur appears unharmed.
The centaur is heavily wounded.
The centaur hits you!
* * * LOW HITPOINT WARNING * * *
The centaur closely misses you.
It was a potion of ambrosia.
You are confused.
You feel invigorated. The centaur hits you!
You die...

#..###.#######.
#.........#....
##.###....#.#..
#####.#
#.##.#....
#.....#
#.##...#..
#.#####
#.###.....
#.#### #.#
#..#.. #.#..
..# #..#.#
#@#c# ...
#...>.
#c#.###.#.#
#.##.#
#..........
..##.#
.........###.#.
#### #
##.......#
#........
########!# ..
###


You could see a centaur.

Vanquished Creatures
  An orc priest (D:2)
  An orc wizard (D:2)
  5 adders
  A dart slug (D:2)
  A leopard gecko (D:2)
  4 orcs (D:2)
  A ball python (D:2)
  A giant cockroach (D:2)
  6 goblins
  3 hobgoblins
  5 kobolds
  A quokka (D:2)
  6 bats
  4 rats
40 creatures vanquished.

Notes
Turn   | Place    | Note
-------+----------+-------------------------------------------
     0 | D:1      | pk666 the Deep Elf Fire Elementalist began the quest for the Orb.
     0 | D:1      | Reached XP level 1. HP: 10/10 MP: 6/6
   487 | D:1      | Reached XP level 2. HP: 15/15 MP: 4/8
   913 | D:2      | Reached XP level 3. HP: 12/19 MP: 5/10
  1425 | D:2      | Reached XP level 4. HP: 24/24 MP: 8/11
  1632 | D:2      | Found an ancient bone altar of Kikubaaqudgha.
  1805 | D:3      | Reached XP level 5. HP: 22/28 MP: 8/13
  1861 | D:3      | Learned a level 4 spell: Sticky Flame
  1865 | D:3      | Learned a level 3 spell: Conjure Flame
  1984 | D:3      | Noticed a centaur
  1995 | D:3      | Slain by a centaur

Vault maps used:
D:1:      evilmike_arrival_rings, corexii_leaking_fountain, minivault_19,
          hangedman_decor_push
D:2:      cheibrodos_pilgrimage, nicolae_overflow_hidden_temple,
          kennysheep_generic_room_11
D:3:      old_standard_altar, serial_park_tiny_1, uniq_jessica

Skill      XL: |  1  2  3  4 |
---------------+-------------+-----
Conjurations   | 2 3 |  3.9
Spellcasting   | 4 |  4.3
Fire Magic     | 4 |  4.2
Dodging        | |  2.4
Stealth        | |  2.4

Action                   |  1- 3 |  4- 6 || total
-------------------------+-------+-------++-------
 Cast: Flame Tongue      |    58 |    27 ||    85
  Use: Potion            |       |     1 ||     1
  Eat: Chunk             |     1 |     2 ||     3
Armor: Robe              |     1 |       ||     1
Dodge: Dodged            |    17 |    11 ||    28

Table legend:
 A = Spawn XP
 B = Non-spawn XP
 C = Spawn XP percentage of total XP
 D = Spawn monster count
 E = Non-spawn monster count
 F = Spawn count percentage of total count
 G = Total turns spent on level
                    A         B        C        D         E        F      G
               +---------+---------+-------+---------+---------+-------+---------
         Total |       0 |     206 |   0.0 |       0 |      40 |   0.0 |  1995
               +---------+---------+-------+---------+---------+-------+---------
           D:1 |       0 |      17 |   0.0 |       0 |      12 |   0.0 |   796
           D:2 |       0 |     173 |   0.0 |       0 |      25 |   0.0 |   994
           D:3 |       0 |      16 |   0.0 |       0 |       3 |   0.0 |   205
               +---------+---------+-------+---------+---------+-------+---------
